 Dungeon Crawl Stone Soup version 0.28-a0-1555-g9ae15a6949 (webtiles) character file.

Game seed: 2674113093468055397

189019 HallandMoats the Warrior (level 18, -23/168 HPs)
             Began as a Ghoul Monk on Jan 19, 2022.
             Was an Elder of Qazlal.
             Annihilated by a naga warrior (30 damage)
             ... on level 4 of the Lair of Beasts.
             The game lasted 01:28:18 (46041 turns).

HallandMoats the Warrior (Ghoul Monk)              Turns: 46041, Time: 01:28:18

Health: -23/168    AC: 24    Str: 19    XL:     18   Next: 11%
Magic:  0/29       EV: 13    Int:  5    God:    Qazlal [****..]
Gold:   4052       SH: 16    Dex: 15    Spells: 17/17 levels left

rFire   + + .      SeeInvis +   G - +9 hunting sling (flame)
rCold   . . .      Faith    .   z - +0 kite shield {reflect}
rNeg    + + +      Spirit   +   k - +0 fire dragon scales
rPois   ∞          Reflect  +   p - +1 helmet {SInv}
rElec   .          Harm     .   y - +0 cloak
rCorr   .          Rampage  .   j - +0 pair of gloves
Will    +....                   K - +2 pair of boots
Stlth   ..........              R - amulet of guardian spirit
HPRegen 0.00/turn               q - +4 ring of protection
MPRegen 0.21/turn               Q - ring of see invisible

@: inhibited regen, repel missiles
A: claws 1, cold resistance 1, negative energy resistance 3, inhibited
regeneration, torment resistance 2
}: 1/15 runes: decaying
a: Renounce Religion, Upheaval, Elemental Force


You were on level 4 of the Lair of Beasts.
You worshipped Qazlal.
Qazlal was greatly pleased with you.
You visited 5 branches of the dungeon, and saw 28 of its levels.
You also visited: Bailey.

You collected 4129 gold pieces.
You spent 77 gold pieces at shops.

Inventory:

Hand Weapons
 a - the +2 hunting sling "Demonbane" {venom, Str+3 Dex+2}
   (You found it on level 11 of the Dungeon)

   Any ammunition fired from it poisons the flesh of those it strikes.
   Str:       It affects your strength (+3).
   Dex:       It affects your dexterity (+2).
 b - the +7 falchion of the Chain {vamp, Str+4}
   (You took it off a death knight on level 13 of the Dungeon)

   It occasionally heals its wielder for a portion of the damage dealt when it
   wounds a living foe.
   Str:       It affects your strength (+4).
 G - a +9 hunting sling of flaming (weapon)
 N - the +7 war axe of the Heart {vorpal, rElec rF++ Str+2 Dex-5}
   (You found it on level 2 of the Lair of Beasts)

   It inflicts extra damage upon your enemies.
   Str:       It affects your strength (+2).
   Dex:       It affects your dexterity (-5).
   rF:        It greatly protects you from fire.
   rElec:     It insulates you from electricity.
Missiles
 h - 90 sling bullets (quivered ammo)
 F - 4 throwing nets
Armour
 j - a +0 pair of gloves (worn)
 k - +0 fire dragon scales (worn)
 p - a +1 helmet of see invisible (worn)
 y - a +0 cloak (worn)
 z - a +0 kite shield of reflection (worn)
 K - a +2 pair of boots (worn)
Jewellery
 i - the ring of the Hero {Wiz Fly rElec rC++ rCorr}
   (You found it on level 2 of the Orcish Mines)

   [ring of wizardry]

   It improves your spell success rate.
   rC:        It greatly protects you from cold.
   rElec:     It insulates you from electricity.
   Fly:       It grants you flight.
   rCorr:     It protects you from acid and corrosion.
 q - a +4 ring of protection (left hand)
 s - a ring of flight
 w - an amulet of faith
 I - an amulet of regeneration
 L - an amulet of the acrobat
 Q - a ring of see invisible (right hand)
 R - an amulet of guardian spirit (around neck)
Wands
 H - a wand of acid (6)
 V - a wand of digging (21)
Scrolls
 c - 3 scrolls of enchant armour
 l - a scroll of brand weapon
 m - 3 scrolls of fog
 u - a scroll of silence
 v - 3 scrolls of magic mapping
 D - 7 scrolls of enchant weapon
 E - 3 scrolls of summoning
 O - a scroll of teleportation
 S - a scroll of amnesia
Potions
 d - a potion of might
 e - 8 potions of resistance
 f - 6 potions of curing
 n - 2 potions of cancellation
 t - 4 potions of flight
 B - a potion of haste
 C - 4 potions of magic
 M - 3 potions of brilliance


   Skills:
 + Level 16.9 Fighting
 * Level 7.4 Long Blades
 - Level 5.1 Axes
 - Level 12.6 Slings
 - Level 9.5 Armour
 - Level 10.0 Dodging
 - Level 2.1 Stealth
 + Level 10.2 Shields
 + Level 16.9 Invocations


You had 17 spell levels left.
You didn't know any spells.
Your spell library contained the following spells:

 Spells                   Type           Power      Damage    Failure   Level
 Foxfire                  Conj/Fire      0%         2x1d4     98%         1
 Magic Dart               Conj           0%         1d3       98%         1
 Pain                     Necr           0%         1d4       98%         1
 Slow                     Hex            0%         N/A       98%         1
 Searing Ray              Conj           0%         2d4       99%         2
 Static Discharge         Conj/Air       0%         N/A       99%         2
 Call Canine Familiar     Summ           0%         N/A       100%        3
 Confusing Touch          Hex            0%         N/A       100%        3
 Conjure Flame            Conj/Fire      0%         6-21      100%        3
 Gell's Gravitas          Tloc           0%         N/A       100%        3
 Ignite Poison            Fire/Tmut/Pois 0%         N/A       100%        3
 Inner Flame              Hex/Fire       0%         N/A       100%        3
 Mephitic Cloud           Conj/Pois/Air  0%         N/A       100%        3
 Portal Projectile        Hex/Tloc       0%         N/A       100%        3
 Teleport Other           Tloc           0%         N/A       100%        3
 Tukima's Dance           Hex            0%         N/A       100%        3
 Vampiric Draining        Necr           0%         2d6       100%        3
 Dispel Undead            Necr           0%         3d6       100%        4
 Flame Wave               Conj/Fire      0%         2d4       100%        4
 Fulminant Prism          Conj/Hex       0%         3d6       100%        4
 Leda's Liquefaction      Hex/Erth       0%         N/A       100%        4
 Passage of Golubria      Tloc           0%         N/A       100%        4
 Sticky Flame             Conj/Fire      0%         2d3       100%        4
 Summon Ice Beast         Ice/Summ       0%         N/A       100%        4
 Agony                    Necr           0%         N/A       100%        5
 Excruciating Wounds      Necr           0%         N/A       100%        5
 Freezing Cloud           Conj/Ice/Air   0%         6-21      100%        5
 Summon Mana Viper        Hex/Summ       0%         N/A       100%        5
 Yara's Violent Unravell  Hex/Tmut       0%         3d3       100%        5
 Dispersal                Tloc           0%         N/A       100%        6
 Monstrous Menagerie      Summ           0%         N/A       100%        7


Dungeon Overview and Level Annotations

Branches:
Dungeon (15/15)            Temple (0/1) D:6            Lair (6/6) D:9
  Swamp (4/4) Lair:2        Snake (1/4) Lair:4        Slime (0/5) Lair:5
    Orc (2/2) D:9             Elf (0/3) Orc:2        Vaults (0/5) D:14
 Depths (0/4) D:15         Bailey (visited)

Altars:
Qazlal
Trog
Uskayaw
Vehumet
Beogh
Jiyva

Shops:
D:14 (   D:15 [   Orc:2 :[((

Annotations:
Swamp:3 1 transporter, EnronHubbard's ghost, adept KoFi


Innate Abilities, Weirdness & Mutations

You thrive by killing the living.
You are immune to poison.
You have sharp fingernails.
Your flesh is cold resistant. (rC+)
You are immune to negative energy. (rN+++)
You do not regenerate when monsters are visible.
You are immune to unholy pain and torment.


Message History

Fire: 91 sling bullets
Press: ? - help, Q - select action, (/) - cycle Shift-Dir - straight line, f/p - naga warrior
Aim: a naga warrior, wielding a +0 long sword and wearing a +0 tower shield (flame, severely wounded, constricting you, inner flame, strong, catching its breath, 81% to hit)
You shoot a sling bullet.
The naga warrior blocks the sling bullet.
The naga warrior is engulfed in blazing flames.
Flame seeps out of the naga warrior.
The naga warrior loses its grip on you.
The naga warrior is engulfed in blazing flames.
Flame seeps out of the naga warrior.
The naga warrior hits you with a +0 halberd!!!
* * * LOW HITPOINT WARNING * * *
You block the naga warrior's attack.
Unknown command.
You feel better.
The salamander shoots an arrow.
The arrow hits you but does no damage.
The naga warrior is engulfed in blazing flames.
Flame seeps out of the naga warrior.
The naga warrior roars a battlecry!
The nagas go into a battle-frenzy!
The naga spits poison at you.
The splash of poison is repelled.
The naga warrior is engulfed in blazing flames.
Qazlal accepts your kill.
You feel better.
The naga warrior explodes!
The fiery explosion engulfs you! You resist.
* * * LOW HITPOINT WARNING * * *
You hear a bark! x2
Unknown command.
The naga sharpshooter shoots a bolt.
You reflect the bolt off your +0 kite shield of reflection!
The bolt hits the naga sharpshooter!!
The naga warrior hits you with a +0 long sword!!
* * * LOW HITPOINT WARNING * * *
The naga warrior misses you.
You climb upwards.
Welcome back to the Lair of Beasts!
There is a staircase to the Snake Pit here.
You feel better.
The naga warrior hits you with a +0 long sword!!
You die...

.................................
.................................
....P.............P.......P.#....
..............≈≈≈≈≈......####....
.............≈≈≈≈≈≈≈≈.P.#........
............≈≈≈...≈≈≈............
...........≈≈≈.○..≈≈≈≈...........
...........≈≈...†...≈≈.).....[..<
...........≈≈.§.@N≈P≈≈...##......
...........≈≈≈P.°...≈≈...##.#P(..
...........≈≈≈○...§≈≈≈..[........
...........≈≈≈≈...≈≈≈....).......
.....###..##.≈≈≈≈≈≈≈.....[.......
.....# ####.#.≈≈≈≈≈≈##...........
...### ##.#≈#≈...#.#.....#....
...# ###.#..........##..)..
...#### ##............#.....


You could see a naga warrior (inner flame, strong).

Vanquished Creatures
  Gastronok (D:11)
  Kirke (Swamp:1)
  A thorn hunter (Swamp:4)
  Donald (Swamp:1)
  The ghost of Pooter the Sharpshooter, a journeyman MiBe of Trog (Orc:2)
  An orc warlord (Orc:2)
  Aizul (Lair:3)
  5 eleionomae
  A bunyip (Swamp:3)
  A minotaur (Lair:1)
  An ettin (Orc:2)
  A crystal guardian (D:13)
  5 fire dragons
  A yaktaur captain (D:13)
  21 hydras
  3 vault guards (D:14)
  2 naga warriors (Snake:1)
  2 boulder beetles
  The ghost of DarkBird the Covert, a journeyman NaEn of Hepliaklqana (Lair:1)
  3 anacondas
  5 alligators
  9 centaur warriors
  8 two-headed ogres
  4 ghost crabs
  3 catoblepae
  A death knight (D:13)
  6 death yaks
  2 tengu warriors
  A naga sharpshooter (Snake:1)
  An orc high priest (Orc:2)
  A shock serpent (Snake:1)
  The ghost of ytrimaz the Skirmisher, a novice DsBe of Trog (D:6)
  3 skeletal warriors
  3 goliath frogs
  A fire crab (Swamp:4)
  13 swamp dragons
  A glowing orange brain (D:15)
  8 bog bodies
  A lindwurm (shapeshifter) (D:14)
  A naga ritualist (Snake:1)
  A flayed ghost (D:13)
  2 spriggan druids
  4 lindwurms
  2 deep elf pyromancers
  5 orc knights
  3 mana vipers (Snake:1)
  The ghost of hashsling the Thaumaturge, a novice DEWz of Sif Muna (D:8)
  19 ugly things
  2 manticores (D:13)
  15 cyclopes
  4 will-o-the-wisps
  2 orc sorcerers
  A moth of wrath (Orc:2)
  12 elephants (Lair:5)
  A salamander (Snake:1)
  11 black mambas
  Maurice (D:9)
  7 torpor snails
  2 guardian serpents
  2 naga magi
  13 cane toads
  3 gargoyles
  2 unseen horrors
  9 rime drakes
  A yaktaur (D:13)
  A freezing wraith (D:13)
  8 komodo dragons
  11 trolls
  13 hornets
  A polar bear (Lair:1)
  A bloated husk (Swamp:4)
  A polar bear (shapeshifter) (D:11)
  10 tyrant leeches
  9 blink frogs
  A raiju (shapeshifter) (D:14)
  9 slime creatures
  A dream sheep (shapeshifter) (D:15)
  9 dream sheep (Lair:6)
  A spriggan (shapeshifter) (D:14)
  3 spriggans
  6 wyverns
  5 wraiths
  5 hogs (Swamp:1)
  20 yaks
  7 humans (D:14)
  3 basilisks
  6 steam dragons
  18 vampire mosquitoes
  15 swamp worms
  2 wargs
  9 nagas
  18 water moccasins
  An acid dragon (Lair:6)
  36 orc warriors
  A sky beast (D:5)
  2 black bears
  10 swamp drakes
  5 necrophages
  3 wolves (Lair:1)
  A black bear (shapeshifter) (D:15)
  16 ogres
  10 centaurs
  14 bullfrogs
  4 kobold brigands
  2 wyvern zombies
  3 gnoll sergeants
  2 scorpions
  8 killer bees
  7 wights
  2 howler monkeys
  2 bullfrog zombies
  A centaur zombie (D:8)
  A jelly (D:5)
  17 orc priests
  A hound (D:4)
  2 gnoll shamans (D:8)
  10 iguanas
  Terence (D:2)
  20 orc wizards
  Natasha (thrice) (D:2)
  A hound zombie (D:5)
  8 adders
  13 gnolls
  A howler monkey skeleton (D:7)
  2 shadow imps
  A white imp (D:8)
  2 ufetubi
  3 worms
  A dart slug (D:2)
  97 orcs
  4 ball pythons
  8 endoplasms
  6 giant cockroaches
  4 goblins
  4 hobgoblins
  4 jackals (D:1)
  2 quokkas
  6 bats
  4 frilled lizards
  23 kobolds
  9 rats
  A spectral goblin (D:1)
834 creatures vanquished.

Vanquished Creatures (collateral kills)
  A fenstrider witch (Swamp:2)
  A very ugly thing (D:15)
  An ettin (D:13)
  A fire dragon (Swamp:4)
  A hydra (D:8)
  A centaur warrior (D:12)
  3 alligators (Swamp:3)
  7 death yaks
  An orc high priest (Orc:2)
  A spriggan berserker (Swamp:3)
  A skeletal warrior (D:15)
  2 swamp dragons
  An orc knight (Bailey)
  A deep elf pyromancer (D:13)
  A black mamba (Lair:4)
  A cane toad (Lair:4)
  A kobold demonologist (D:8)
  A blink frog (Lair:5)
  2 trolls
  4 slime creatures (D:15)
  A basilisk (D:13)
  A steam dragon (Swamp:4)
  A vampire mosquito (Swamp:4)
  5 orc warriors
  A swamp drake (Swamp:4)
  An ogre (D:5)
  A centaur (D:8)
  A killer bee (D:9)
  A jelly (D:5)
  An orc wizard (Orc:2)
  4 orcs (Orc:2)
51 creatures vanquished.

Vanquished Creatures (others)
  A vault guard (D:14)
  An alligator (Swamp:4)
  A black mamba (Snake:1)
  A bloated husk (Swamp:3)
  A human (D:14)
  A hog (Swamp:1)
  A steam dragon (Swamp:4)
  2 vampire mosquitoes (Swamp:4)
  A swamp worm (Swamp:4)
  4 swamp drakes (Swamp:4)
  A necrophage (Swamp:1)
  An ogre (Orc:1)
  24 foxfires
  21 fungi
  91 plants
  3 toadstools (D:10)
  20 withered plants (Swamp:1)
175 creatures vanquished.

Grand Total: 1060 creatures vanquished

Notes
Turn   | Place    | Note
-------+----------+-------------------------------------------
     0 | D:1      | HallandMoats the Ghoul Monk began the quest for the Orb.
     0 | D:1      | Reached XP level 1. HP: 19/19 MP: 0/0
   220 | D:1      | Found a faded altar of an unknown god.
   236 | D:1      | Prayed at the altar of an unknown god.
   236 | D:1      | Became a worshipper of Qazlal Stormbringer
   236 | D:1      | Reached * piety under Qazlal
   236 | D:1      | Reached ** piety under Qazlal
   458 | D:1      | Reached *** piety under Qazlal
   459 | D:1      | Reached XP level 2. HP: 19/26 MP: 1/1
  1272 | D:2      | Reached skill level 1 in Invocations
  1272 | D:2      | Reached XP level 3. HP: 25/31 MP: 2/2
  1677 | D:2      | Noticed Terence
  1682 | D:2      | Killed Terence
  1683 | D:2      | Reached XP level 4. HP: 40/40 MP: 4/4
  1910 | D:2      | Noticed Natasha
  1916 | D:2      | Reached skill level 1 in Armour
  1925 | D:2      | Killed Natasha
  1938 | D:2      | Noticed Natasha
  1951 | D:2      | Killed Natasha
  1952 | D:2      | Reached XP level 5. HP: 26/46 MP: 1/5
  2292 | D:3      | You fall into a shaft and drop 3 floors!
  2296 | D:6      | Noticed a water moccasin
  2319 | D:6      | Noticed a kobold brigand
  2324 | D:5      | Entered Level 5 of the Dungeon
  2865 | D:4      | Noticed an ogre
  3071 | D:3      | Found a radiant altar of Vehumet.
  3495 | D:4      | Killed an ogre
  3496 | D:4      | Reached XP level 6. HP: 11/52 MP: 2/7
  4390 | D:4      | Noticed a necrophage
  4407 | D:4      | Killed a necrophage
  4718 | D:5      | Reached XP level 7. HP: 16/60 MP: 2/8
  5114 | D:5      | Reached skill level 1 in Shields
  5484 | D:5      | Reached skill level 5 in Axes
  5484 | D:5      | Reached XP level 8. HP: 61/67 MP: 10/10
  5851 | D:5      | Reached skill level 5 in Invocations
  6487 | D:4      | Identified a scroll of acquirement
  6487 | D:4      | Acquired a +1 helmet of see invisible
  6614 | D:5      | Reached skill level 1 in Slings
  7098 | D:6      | Found a staircase to the Ecumenical Temple.
  7121 | D:6      | Reached skill level 5 in Slings
  7223 | D:6      | Reached XP level 9. HP: 67/73 MP: 11/11
  7421 | D:6      | Found a runed translucent door.
  7424 | D:6      | Noticed ytrimaz's ghost (novice DsBe)
  7680 | D:7      | Reached **** piety under Qazlal
  8506 | D:8      | Found a runed translucent gate.
  8506 | D:8      | Found a runed translucent gate.
  8506 | D:8      | Found a runed translucent gate.
  8506 | D:8      | Noticed hashsling's ghost (novice DEWz)
  8521 | D:8      | Reached skill level 5 in Fighting
  8521 | D:8      | Reached XP level 10. HP: 61/81 MP: 12/12
  9379 | D:8      | Noticed a deep elf pyromancer
  9388 | D:8      | Killed a deep elf pyromancer
  9554 | D:8      | Noticed an eight-headed hydra
  9554 | D:8      | Noticed a kobold demonologist
  9617 | D:8      | Killed an eight-headed hydra
  9620 | D:8      | Killed a kobold demonologist
  9621 | D:8      | Reached skill level 5 in Dodging
 10079 | D:9      | Noticed a death yak
 10082 | D:9      | Noticed a death yak
 10082 | D:9      | Noticed a death yak
 10083 | D:9      | Noticed a death yak
 10083 | D:9      | Noticed a death yak
 10084 | D:9      | Noticed Maurice
 10236 | D:9      | Killed a death yak
 10237 | D:9      | Reached XP level 11. HP: 8/92 MP: 6/15
 10279 | D:9      | Found a flagged portal.
 10285 | Bailey   | Entered a bailey
 10620 | Bailey   | Noticed an orc knight
 10629 | Bailey   | Noticed an orc knight
 10633 | Bailey   | Killed an orc knight
 10653 | Bailey   | Killed an orc knight
 11072 | D:9      | Found a staircase to the Lair.
 11101 | D:9      | Killed a death yak
 11546 | D:9      | Found a staircase to the Orcish Mines.
 11747 | D:9      | Killed a death yak
 11968 | D:9      | Killed Maurice
 12110 | D:9      | Killed a death yak
 12111 | D:9      | Reached skill level 5 in Armour
 12112 | D:9      | Killed a death yak
 12113 | D:9      | Reached skill level 10 in Slings
 12573 | D:2      | Noticed Natasha
 12578 | D:2      | Killed Natasha
 12764 | D:10     | Entered Level 10 of the Dungeon
 12829 | D:10     | Reached XP level 12. HP: 92/104 MP: 17/17
 13072 | D:10     | Noticed a two-headed ogre
 13083 | D:10     | Killed a two-headed ogre
 13772 | D:11     | Noticed Gastronok
 13791 | D:11     | Killed Gastronok
 14035 | D:11     | Identified the +2 hunting sling "Demonbane" {venom, Str+3
                  | Dex+2}
 14243 | D:11     | Reached skill level 5 in Shields
 14373 | D:11     | Noticed a two-headed ogre
 14382 | D:11     | Killed a two-headed ogre
 14807 | D:12     | Noticed a two-headed ogre
 14831 | D:12     | Killed a two-headed ogre
 14978 | D:12     | Noticed a boulder beetle
 15002 | D:12     | Killed a boulder beetle
 15003 | D:12     | Reached skill level 10 in Invocations
 15013 | D:12     | Reached skill level 10 in Fighting
 15525 | D:13     | Noticed a seven-headed hydra
 15531 | D:13     | Noticed a centaur warrior
 15538 | D:13     | Killed a seven-headed hydra
 15547 | D:12     | Killed a centaur warrior
 15892 | D:13     | Noticed a boulder beetle
 15905 | D:13     | Killed a boulder beetle
 16054 | D:13     | Noticed an eight-headed hydra
 16064 | D:13     | Killed an eight-headed hydra
 16064 | D:13     | Noticed an eight-headed hydra
 16065 | D:13     | Reached XP level 13. HP: 114/114 MP: 18/20
 17228 | D:13     | Noticed an ettin
 17256 | D:13     | Killed an ettin
 17411 | D:13     | Identified the +7 falchion of the Chain {vamp, Str+4}
 19139 | D:13     | Identified the +1 ring mail "Kaev" {rElec Int+3}
 19369 | D:13     | Noticed a crystal guardian
 19517 | Lair:1   | Entered Level 1 of the Lair of Beasts
 19595 | Lair:1   | Reached XP level 14. HP: 126/126 MP: 22/22
 19633 | Lair:1   | Noticed DarkBird's ghost (journeyman NaEn)
 19681 | Lair:1   | Found a runed translucent gate.
 19681 | Lair:1   | Found a runed translucent gate.
 19681 | Lair:1   | Found a runed translucent gate.
 21020 | Lair:2   | Identified the +5 fustibalus "Kylut" {freeze, Fragile Fly
                  | rCorr Stlth+}
 21330 | Lair:2   | Identified the +7 war axe of the Heart {vorpal, rElec rF++
                  | Str+2 Dex-5}
 21430 | Lair:2   | Found a staircase to the Swamp.
 22990 | Lair:4   | Found a staircase to the Snake Pit.
 24186 | Lair:5   | Found a viscous altar of Jiyva.
 24186 | Lair:5   | Found a staircase to the Slime Pits.
 25490 | Lair:5   | Reached XP level 15. HP: 136/136 MP: 24/24
 26089 | Lair:6   | Entered Level 6 of the Lair of Beasts
 26263 | Lair:6   | Reached ***** piety under Qazlal
 27479 | Lair:6   | Found a runed translucent door.
 30645 | D:14     | Found Deegeur's Weapon Shop.
 31471 | D:14     | Reached XP level 16. HP: 111/147 MP: 26/26
 31680 | D:14     | Found a gate to the Vaults.
 31712 | D:14     | Found a hide-covered altar of Uskayaw.
 31890 | D:14     | Acquired 1004 gold pieces
 32030 | D:15     | Entered Level 15 of the Dungeon
 32366 | D:15     | Reached skill level 15 in Invocations
 32381 | D:15     | Reached skill level 15 in Fighting
 33039 | D:15     | Found Pucruxud's Antique Armour Boutique.
 33777 | D:15     | Found a staircase to the Depths.
 33998 | Orc:1    | Entered Level 1 of the Orcish Mines
 34393 | Orc:2    | Entered Level 2 of the Orcish Mines
 34500 | Orc:2    | Found Cuush's Book Shop.
 34656 | Orc:2    | Found Elaphuon's Weapon Shoppe.
 35119 | Orc:2    | Found Lelint's Antique Armour Shoppe.
 35123 | Orc:2    | Found Wehedur's Antique Weapon Emporium.
 35250 | Orc:2    | Found a radiant altar of Vehumet.
 35310 | Orc:2    | Found a staircase to the Elven Halls.
 35845 | Orc:2    | Found a transporter.
 35857 | Orc:2    | Noticed Pooter's ghost (journeyman MiBe)
 35859 | Orc:2    | Found a bloodstained altar of Trog.
 35897 | Orc:2    | Found a transporter.
 35994 | Orc:2    | Killed Pooter's ghost
 36195 | Orc:2    | Identified the ring of the Hero {Wiz Fly rElec rC++ rCorr}
 36281 | Orc:2    | Bought 14 sling bullets for 77 gold pieces
 36592 | D:8      | Killed hashsling's ghost
 36748 | D:6      | Killed ytrimaz's ghost
 37036 | Lair:1   | Killed DarkBird's ghost
 37309 | Snake:1  | Entered Level 1 of the Snake Pit
 37323 | Snake:1  | Noticed Aizul
 37331 | Snake:1  | Reached skill level 10 in Dodging
 37675 | Lair:3   | Killed Aizul
 37695 | Lair:4   | Reached XP level 17. HP: 143/158 MP: 23/27
 37798 | Swamp:1  | Entered Level 1 of the Swamp
 37947 | Swamp:1  | Reached skill level 1 in Long Blades
 38259 | Swamp:1  | Noticed Kirke
 38266 | Swamp:1  | Noticed a sphinx
 38283 | Swamp:1  | Killed Kirke
 38595 | Swamp:1  | Noticed Donald
 38617 | Swamp:1  | Killed Donald
 38990 | Swamp:1  | You fall into a shaft and drop 1 floor!
 39930 | Swamp:2  | Paralysed by a fenstrider witch for 6 turns
 39947 | Swamp:2  | Paralysed by a fenstrider witch for 7 turns
 40870 | Swamp:3  | Reached skill level 5 in Long Blades
 40918 | Swamp:3  | Found a transporter.
 40945 | Swamp:3  | Noticed a tentacled monstrosity
 40949 | Swamp:3  | Noticed EnronHubbard's ghost (adept KoFi)
 40958 | Swamp:3  | Found a transporter.
 42073 | Swamp:4  | Entered Level 4 of the Swamp
 43285 | Swamp:4  | HP: 6/160 [seven-headed hydra (3)]
 44198 | Swamp:4  | Reached skill level 10 in Shields
 44610 | Swamp:4  | Reached XP level 18. HP: 143/168 MP: 26/29
 44952 | Swamp:4  | Got a decaying rune of Zot
 45222 | Swamp:3  | Identified the +7 halberd "Soshreoll" {vorpal, rElec rPois
                  | Str-3}
 45307 | Swamp:3  | HP: 5/168 [constriction (10)]
 46039 | Snake:1  | HP: 2/168 [naga warrior (18)]
 46041 | Lair:4   | Annihilated by a naga warrior

Illustrated notes

Levels and vault maps discovered:
D:1:      dpeg_arrival_circle_labyrinth_a, layout_loops_ring,
          dreamdust_ecumenical_altar_drowned_temple
D:2:      layout_basic, nicolae_figureground_sparkle, uniq_terence, uniq_natasha
D:3:      layout_basic, mainiacjoe_overflow_six_doors_small, st_stairs_1
D:4:      layout_basic, guppyfry_early_lair_pool
D:5:      layout_loops_cross, portal_sewer_entry_f
D:6:      layout_rooms, minmay_temple_entry_metal_lava, ebering_ghost_sewer_d
D:7:      layout_rooms
D:8:      kennysheep_windowed_halls, layout_basic, ebering_ghost_rock_garden,
          hangedman_abyss_or_decor_stagger
D:9:      layout_grid_maze, dpeg_lair_monsters,
          kennysheep_orc_monster_closet_entryway, enter_bailey_2, uniq_maurice
D:10:     layout_gridville, minmay_gold_behind_fungi
D:11:     layout_irregular_city, minmay_statues_item, uniq_gastronok
D:12:     layout_rooms
D:13:     nzn_winding_woodlands_large [nzn_winding_woodlands_5x5_checkerboard,
          nzn_winding_woodlands_5x15_twine, nzn_winding_woodlands_5x5_three,
          nzn_winding_woodlands_center_lodge,
          nzn_winding_woodlands_15x15_five_gardens,
          nzn_winding_woodlands_center_diamonds,
          nzn_winding_woodlands_5x5_cross, nzn_winding_woodlands_5x15_cabin,
          nzn_winding_woodlands_5x5_open_star], layout_long_grid
D:14:     layout_loops_ring, ximxim_vaults_locker_room,
          nicolae_uskayaw_dance_hall, serial_shops, shop
D:15:     gammafunk_enter_depths_forms, layout_long_grid, minivault_23,
          serial_shops, shop
Lair:1:   layout_cave_shapes, maelrawn_ghost_gauntlet_escape,
          grunt_megastairs_4, serial_bayou_shore_b
Lair:2:   layout_loops_ring, minmay_swamp_entry_wisps, grunt_megastairs_1,
          lemuel_fruit_tree
Lair:3:   layout_cave_pods, lemuel_fruit_fields
Lair:4:   layout_gridlike, guppyfry_snake_entry_island,
          hangedman_lair_generics_rect
Lair:5:   layout_cave_pods, slime_altar_1, serial_bayou_shore_b,
          lemuel_fruit_fields
Lair:6:   guppyfry_lair_end_dragon, layout_regular_city, wormcave, minivault_11
Swamp:1:  layout_falls_marsh, evilmike_swamp_ruin_house_2, st_shrine_of_shade,
          uniq_kirke, uniq_donald
Swamp:2:  layout_basic_swamp, evilmike_swamp_ruin_house_6,
          infiniplex_staircase_pool
Swamp:3:  layout_falls_marsh, gammafunk_ghost_arena,
          evilmike_swamp_ruin_rubble_2, swamp_pool4
Swamp:4:  swamp_fiery, layout_basic_swamp, infiniplex_staircase_pool_2
Snake:1:  layout_grid_shapes, serial_shops, bzr_entry_customers,
          nicolae_shop_stone, shop_fountains,
          nicolae_shop_temple_entry_statues_fountains,
          nicolae_shop_overgrown_old_shop, uniq_roxanne, uniq_aizul, uniq_azrael
Orc:1:    layout_diamond_mine, nicolae_orc_lava_room
Orc:2:    grunt_orc_community_town_hall, layout_diamond_mine,
          grunt_orc_community_big_house_1, grunt_orc_community_big_house_1,
          grunt_orc_community_house_1, grunt_orc_community_house_1,
          grunt_orc_community_house_1, grunt_orc_community_house_3,
          grunt_orc_community_house_1, grunt_orc_community_house_1, basic_altar,
          gammafunk_ghost_wrathful_warriors

Skill      XL: |  1  2  3  4  5  6  7  8  9 10 11 12 13 14 15 16 17 |
---------------+----------------------------------------------------+-----
Axes           | 3 4 5 |  5.1
Invocations    | 1 2 3 4 5 7 9 10 12 13 14 15 16 | 16.9
Dodging        | 3 4 5 6 7 8 9 10 | 10.0
Armour         | 1 2 4 5 6 7 8 9 |  9.5
Fighting       | 4 5 7 9 10 12 13 14 15 16 | 16.9
Shields        | 1 2 3 4 5 6 7 8 9 10 | 10.2
Slings         | 5 9 10 11 12 | 12.6
Long Blades    | 7 |  7.4
Stealth        | |  2.1

Action                   |  1- 3 |  4- 6 |  7- 9 | 10-12 | 13-15 | 16-18 || total
-------------------------+-------+-------+-------+-------+-------+-------++-------
Melee: Hand axe          |    81 |   172 |    91 |       |       |       ||   344
       Punch             |     1 |       |       |       |       |       ||     1
       Falchion          |       |       |       |       |   139 |   420 ||   559
 Fire: Hunting sling     |       |       |   238 |   778 |  1903 |  1560 ||  4479
       Fustibalus        |       |       |       |       |       |    14 ||    14
Invok: Upheaval          |       |     1 |       |     1 |       |     1 ||     3
       Elemental Force   |       |     2 |     1 |    10 |     5 |     9 ||    27
       Disaster Area     |       |       |       |       |     2 |     4 ||     6
  Use: Scroll            |       |     4 |     8 |    11 |     7 |    26 ||    56
       Potion            |       |     1 |       |     4 |     6 |    27 ||    38
 Stab: Sleeping          |     2 |       |       |       |       |       ||     2
       Paralysed         |       |       |       |       |     2 |     3 ||     5
Armor: Robe              |     6 |       |       |       |       |       ||     6
       Ring mail         |     2 |    29 |       |       |       |       ||    31
       Chain mail        |       |    59 |    91 |    25 |       |       ||   175
       Plate armour      |       |       |       |   192 |   519 |   661 ||  1372
       Fire dragon scale |       |       |       |       |       |   155 ||   155
Dodge: Dodged            |    37 |    90 |    54 |   119 |   326 |   532 ||  1158
       Repelled          |       |       |       |       |     6 |    18 ||    24
Block: Other             |    10 |    43 |       |       |       |       ||    53
       Buckler           |       |     4 |    89 |   210 |   565 |   419 ||  1287
       Kite shield       |       |       |       |       |       |   557 ||   557
       Reflection        |       |       |       |       |       |    19 ||    19

Table legend: (Time is in decaauts)
 A = Elapsed time spent in this place.
 B = Non-inter-level travel time spent in this place.
 C = Inter-level travel time spent in this place.
 D = Time resting spent in this place.
 E = Time spent auto-exploring this place.
 F = Levels seen in this place.
 G = Mean time per level.
                   A        B        C        D        E       F      G
               +--------+--------+--------+--------+--------+-----+--------+
         Total |  45405 |  42627 |   2778 |   6267 |  27740 |  29 | 1565.7 |
       Dungeon |  24641 |  23047 |   1594 |   3513 |  14746 |  15 | 1642.7 |
          Lair |   9718 |   8928 |    790 |    425 |   6886 |   6 | 1619.7 |
         Swamp |   8159 |   7871 |    288 |   1895 |   4555 |   4 | 2039.8 |
     Snake Pit |     31 |     31 |      0 |      0 |      0 |   1 |   31.0 |
  Orcish Mines |   2147 |   2043 |    104 |      0 |   1428 |   2 | 1073.5 |
        Bailey |    707 |    707 |      0 |    432 |    124 |   1 |  707.0 |
               +--------+--------+--------+--------+--------+-----+--------+

Top non-repeatable levels by time:
    D:13: 4915 daAuts
 Swamp:3: 3699 daAuts
     D:5: 2192 daAuts
  Lair:6: 2137 daAuts
    D:14: 2110 daAuts
     D:8: 2079 daAuts
     D:4: 2042 daAuts
  Lair:5: 1859 daAuts
     D:9: 1822 daAuts
    D:15: 1813 daAuts
   Orc:2: 1775 daAuts
  Lair:4: 1629 daAuts
 Swamp:4: 1497 daAuts
 Swamp:1: 1486 daAuts
 Swamp:2: 1475 daAuts
